 Dungeon Crawl Stone Soup version 0.18.1-50-g88ac8fd (webtiles) character file.

184 Kafka the Cudgeler (level 5, 0/32 HPs)
             Began as a Gargoyle Fighter on Oct 16, 2016.
             Killed from afar by Blork the orc (6 damage)
             ... with a puff of flame
             ... on level 4 of the Dungeon.
             The game lasted 00:03:22 (2416 turns).

Kafka the Cudgeler (Gargoyle Fighter)               Turns: 2416, Time: 00:03:23

Health: 0/32       AC: 10    Str: 19    XL:     5   Next: 63%
Magic:  5/5        EV:  7    Int:  9    God:
Gold:   161        SH:  9    Dex: 10    Spells: 0 memorised, 4 levels left

rFire  . . .     SeeInvis .     a - +0 flail
rCold  . . .     Gourm    .     b - +0 scale mail
rNeg   + . .     Faith    .     c - +0 shield
rPois  ∞         Spirit   .     (no helmet)
rElec  +         Dismiss  .     (no cloak)
rCorr  .         Reflect  .     (no gloves)
SustAt .         Harm     .     (no boots)
MR     .....                    (no amulet)
Stlth  ..........               (no ring)
                                (no ring)

@: not resistant to hostile enchantments, extremely unstealthy
A: negative energy resistance 1, electricity resistance, unbreathing,
petrification resistance, rot immunity, AC +4
a: no special abilities


You were on level 4 of the Dungeon.
You were not hungry.

You visited 1 branch of the dungeon, and saw 4 of its levels.

You collected 161 gold pieces.

Inventory:

Hand Weapons
 a - a +0 flail (weapon)
Armour
 b - a +0 scale mail (worn)
 c - a +0 shield (worn)
Jewellery
 h - a cursed -2 ring of protection {unknown}
 t - a +5 amulet of reflection {unknown}
Scrolls
 e - 2 scrolls of noise {unknown}
 k - a scroll of fear {unknown}
 n - 3 scrolls of remove curse {unknown}
 p - 2 scrolls of enchant weapon {unknown}
 s - 2 scrolls of amnesia {unknown}
 v - a scroll of identify {unknown}
Potions
 d - a potion of might
 g - a potion of flight {unknown}
 l - 2 potions of berserk rage {unknown}
 m - 2 potions of curing {unknown}
 o - 2 potions of heal wounds {unknown}
 q - a potion of magic {unknown}
 r - a potion of lignification {unknown}
 w - a potion of degeneration {unknown}
Comestibles
 f - 5 bread rations
 i - 5 fruits
 j - 3 meat rations
 u - a beef jerky
 x - 2 chunks of flesh


   Skills:
 - Level 3.2 Fighting
 * Level 5.7 Maces & Flails
 - Level 3.2 Armour
 - Level 3.2 Shields


You had 4 spell levels left.
You didn't know any spells.

Dungeon Overview and Level Annotations

Branches:
Dungeon (4/15)
 Temple: D:4-7

Altars:
Fedhas
Qazlal

Shops:
D:4 }}

Annotations:
D:4 Blork the orc


Innate Abilities, Weirdness & Mutations

You are resistant to torment.
Your stone body is resilient (AC +4).
You are immune to poison.
You resist negative energy.
You are resistant to electric shocks.
You can survive without breathing.
You are immune to petrification.
You are immune to rotting.


Message History

You are too injured to fight recklessly!
You are too injured to fight recklessly!
You are too injured to fight recklessly!
You are too injured to fight recklessly!
You are too injured to fight recklessly!
You are too injured to fight recklessly!
You are too injured to fight recklessly!
You are too injured to fight recklessly!
You are too injured to fight recklessly!
You are too injured to fight recklessly!
You are too injured to fight recklessly!
You are too injured to fight recklessly!
You are too injured to fight recklessly!
You are too injured to fight recklessly!
You are too injured to fight recklessly!
You hit Blork the orc.
Blork the orc is almost dead.
Blork the orc casts a spell at you. The puff of flame hits you!
You die...

###... #..######
....#######.#.....#.....
....##..................
....##.####.............
.......####.............
.............[.....<....
....######..............
....# ##.....lo......
....# #....$@.......
.#.## ##.%>.........
...# ##.....#.?... ####
####### ####


You could see Blork the orc and a giant newt.

Vanquished Creatures
  A centaur skeleton (D:4)
  Natasha (D:3)
  A worker ant (D:3)
  2 adders
  An ooze (D:2)
  3 worms (D:2)
  2 giant geckos
  6 orcs (D:3)
  6 bats
  3 giant cockroaches
  3 hobgoblins
  5 jackals
  4 kobolds
  2 quokkas
  A ball python (D:1)
  3 giant newts
  7 goblins
  24 rats
75 creatures vanquished.

Notes
Turn   | Place    | Note
--------------------------------------------------------------
     0 | D:1      | Kafka the Gargoyle Fighter began the quest for the Orb.
     0 | D:1      | Reached XP level 1. HP: 14/14 MP: 1/1
   338 | D:1      | Reached XP level 2. HP: 19/19 MP: 2/2
   511 | D:2      | Found a blossoming altar of Fedhas.
   534 | D:2      | Reached skill level 3 in Maces & Flails
   560 | D:2      | Reached XP level 3. HP: 23/23 MP: 3/3
   778 | D:2      | Found a stormy altar of Qazlal.
  1206 | D:2      | Reached skill level 4 in Maces & Flails
  1442 | D:3      | Reached XP level 4. HP: 28/28 MP: 4/4
  1585 | D:3      | Noticed Natasha
  1593 | D:3      | Killed Natasha
  1593 | D:3      | Reached skill level 5 in Maces & Flails
  1593 | D:3      | Reached XP level 5. HP: 27/32 MP: 5/5
  2301 | D:4      | Found Onky's Gadget Boutique.
  2361 | D:4      | Found Obbih's Gadget Boutique.
  2403 | D:4      | Noticed Blork the orc
  2416 | D:4      | Killed from afar by Blork the orc

Skill      XL: |  1  2  3  4 |
---------------+-------------+-----
Maces & Flails | 3 4 5 |  5.7
Fighting       | |  3.2
Armour         | |  3.2
Shields        | |  3.2

Action                   |  1- 3 |  4- 6 || total
-------------------------+-------+-------++-------
Melee: Flail             |   130 |   166 ||   296
  Eat: Chunk             |     1 |     4 ||     5
Armor: Scale mail        |    60 |   103 ||   163
Dodge: Dodged            |    28 |    67 ||    95
Block: Shield            |    57 |   109 ||   166
